 Dungeon Crawl Stone Soup version 0.32-a0-814-g0968bab981 (webtiles) character file.

Game seed: 15973139270051912595

730 wilfster70 the Poker (level 7, -21/56 HPs)
             Began as a Demonspawn Berserker on Mar 22, 2024.
             Was a Priest of Trog.
             Killed from afar by an acid dragon (32 damage)
             ... with a splash of acid
             ... on level 5 of the Dungeon.
             The game lasted 00:09:51 (3606 turns).

wilfster70 the Poker (Demonspawn Berserker)         Turns: 3606, Time: 00:09:52

Health: -21/56     AC:  5    Str: 19    XL:     7   Next: 44%
Magic:  7/7        EV:  9    Int:  7    God:    Trog [***...]
Gold:   177        SH:  5    Dex: 13    Spells: 6/6 levels left

rFire   . . .        a - +1 trident (flame)
rCold   . . .        (no shield)
rNeg    . . .        m - +0 scale mail
rPois   .            l - +0 helmet
rElec   .            (no cloak)
rCorr   .            (no gloves)
SInv    .            (no boots)
Will    ++...        r - amulet of reflection Stlth
                     (no ring)
HPRegen 1.29/turn    (no ring)
MPRegen 0.10/turn

%: reflection
@: strong-willed, corroded, on berserk cooldown, regenerating, slowed, very slow
A: molten scales 1, powered by death 1, weakness stinger 1
a: Renounce Religion, Berserk, Trog's Hand


You were on level 5 of the Dungeon.
You worshipped Trog.
Trog was most pleased with you.
You visited 1 branch of the dungeon, and saw 5 of its levels.

You collected 177 gold pieces.

Inventory:

Hand Weapons
 a - a +1 trident of flaming (weapon)
Armour
 l - a +0 helmet (worn)
 m - a +0 scale mail (worn)
Jewellery
 o - a ring of magical power
 r - an amulet of reflection (around neck)
Wands
 p - a wand of paralysis (4)
Scrolls
 d - a scroll of brand weapon
 e - a scroll of teleportation
 q - a scroll of vulnerability {unknown}
Potions
 b - a potion of magic
 c - a potion of lignification
 f - a potion of resistance
 g - a potion of heal wounds
 h - 2 potions of curing
 i - a potion of mutation
 j - a potion of enlightenment {unknown}
 k - a potion of cancellation {unknown}
 n - a potion of invisibility {unknown}


   Skills:
 + Level 5.6 Fighting
 * Level 6.7 Polearms
 - Level 1.7 Armour
 - Level 1.7 Dodging


You had 6 spell levels left.
You didn't know any spells.
Your spell library was empty.

Dungeon Overview and Level Annotations

Branches:
Dungeon (5/15)
 Temple: D:4-7

Altars:
Sif Muna
Vehumet

Shops:
D:3 :


Innate Abilities, Weirdness & Mutations

You are partially covered in molten scales. (AC +2)
You regenerate a little health from kills.
You have a small tail.


Message History

You start resting.
You feel a strong urge to attack something.
You start resting.
You are no longer berserk.
You are exhausted.
You feel yourself slow down.
You start resting.
An acid dragon comes into view.
An acid dragon is nearby!
An orc comes into view. It is wielding a +0 spear.
The acid dragon roars!
The orc throws a boomerang.
The boomerang closely misses you. The acid dragon spits acid at you.
The splash of acid hits you! The acid corrodes you!
You hear a shout!
You see here a dart slug corpse.
You hit the acid dragon but do no damage.
Your tail-slap misses the acid dragon.
The acid dragon bites you! You block the acid dragon's attack.
You hit the acid dragon. You burn the acid dragon.
The acid dragon is lightly wounded.
The acid dragon bites you!
* * * LOW HITPOINT WARNING * * *
You block the acid dragon's attack. The acid dragon barely misses you.
The acid dragon claws you.
* * * LOW HITPOINT WARNING * * *
You hit the acid dragon but do no damage.
The acid dragon is lightly wounded.
The orc hits you but does no damage. The acid dragon barely misses you.
The acid dragon claws you.
* * * LOW HITPOINT WARNING * * *
Your skin crawls.
You feel strong-willed. You block the orc's attack.
The acid dragon bites you but does no damage.
The acid dragon closely misses you. The orc barely misses you.
The acid dragon spits acid at you. The splash of acid hits you!!
Ouch! That really hurt!
You die...

.............#........#'###
........#####.#.####.#.....#####
.......... #.#.#.##............
###........ #.#.#...............
#........ #.#.#.####..........
#......### #.#.#......#........
#...... ###.#.#.######........
+..oD)................
###†#@.......##..#####
#.############.# #)..!..o.. ....
#......### ...# #......# ...+
#.......# ..# #....##..# #....#
.. #...#. .


You could see an acid dragon (catching breath) and an orc.

Vanquished Creatures
  Sigmund (D:2)
  A black bear (D:3)
  An ogre (D:5)
  A phantom (D:5)
  3 iguanas
  Terence (D:2)
  2 orc wizards
  Robin (D:3)
  3 adders (D:3)
  2 ribbon worms
  7 dart slugs
  7 orcs (D:4)
  7 endoplasms
  7 giant cockroaches
  22 goblins
  8 hobgoblins
  4 jackals
  5 quokkas
  6 ball pythons
  8 bats
  3 frilled lizards
  12 kobolds
  7 rats
119 creatures vanquished.

Notes
Turn   | Place    | Note
-------+----------+-------------------------------------------
     0 | D:1      | wilfster70 the Demonspawn Berserker began the quest for the
                  | Orb.
     0 | D:1      | Reached XP level 1. HP: 18/18 MP: 1/1
   167 | D:1      | Reached skill level 3 in Polearms
   174 | D:1      | Gained mutation: You regenerate a little health from kills.
                  | [demonic ancestry]
   174 | D:1      | Reached XP level 2. HP: 18/24 MP: 2/2
   468 | D:1      | Found a faded altar of an unknown god.
   471 | D:1      | Reached XP level 3. HP: 29/29 MP: 3/3
  1033 | D:2      | Noticed Sigmund
  1049 | D:2      | Killed Sigmund
  1049 | D:2      | Reached ** piety under Trog
  1050 | D:2      | Reached skill level 4 in Polearms
  1050 | D:2      | Gained mutation: You are partially covered in molten
                  | scales. (AC +2) [demonic ancestry]
  1050 | D:2      | Reached XP level 4. HP: 11/38 MP: 4/4
  1050 | D:2      | Reached XP level 5. HP: 12/43 MP: 5/5
  1531 | D:2      | Reached skill level 5 in Polearms
  1576 | D:2      | Found a shimmering blue altar of Sif Muna.
  1623 | D:2      | Noticed Terence
  1633 | D:2      | Killed Terence
  2072 | D:3      | Noticed Robin
  2081 | D:3      | Reached XP level 6. HP: 49/49 MP: 6/6
  2094 | D:3      | Killed Robin
  2361 | D:3      | Found Jelijez's Book Boutique.
  2710 | D:4      | Reached skill level 5 in Fighting
  2745 | D:4      | Reached *** piety under Trog
  2816 | D:4      | Reached skill level 6 in Polearms
  3084 | D:4      | Identified the +0 leather armour "Anair" {Str+2 Dex-3
                  | Slay+3 SInv}
  3194 | D:4      | Gained mutation: You have a small tail. [demonic ancestry]
  3194 | D:4      | Reached XP level 7. HP: 56/56 MP: 7/7
  3391 | D:4      | Found a radiant altar of Vehumet.
  3419 | D:5      | Entered Level 5 of the Dungeon
  3606 | D:5      | Killed from afar by an acid dragon

Illustrated notes

Levels and vault maps discovered:
D:1:      saegor_arrival_simple_d, layout_basic, basic_ecumenical_altar,
          hangedman_abyss_or_decor_lesser_grid, st_stairs_13,
          minmay_indecisive_spiral
D:2:      layout_loops_ring, basic_altar, feat_on_display, uniq_terence,
          uniq_sigmund
D:3:      layout_loops_ring, serial_shops, shop, serial_aquarium,
          aquarium_bridge_straight [aquarium_subvault_bridge,
          aquarium_subvault_window, aquarium_subvault_bridge,
          aquarium_subvault_balcony], aquarium_bridge_square
          [aquarium_subvault_wall, aquarium_subvault_balcony,
          aquarium_subvault_wall, aquarium_subvault_bridge], aquarium_window_1,
          aquarium_window_2, aquarium_view_2c, aquarium_balcony_5b, uniq_robin
D:4:      layout_basic, gammafunk_temple_overflow_elements
D:5:      layout_basic, slow_altar_1, minmay_manual_mess, uniq_ijyb,
          uniq_menkaure

Skill      XL: |  1  2  3  4  5  6 |
---------------+-------------------+-----
Polearms       | 3 4 5 6 |  6.7
Fighting       | 4 5 |  5.6
Armour         | |  1.7
Dodging        | |  1.7

Action                     |  1- 3 |  4- 6 |  7- 9 || total
---------------------------+-------+-------+-------++-------
  Melee: Spear             |   105 |   190 |       ||   295
         Trident           |       |    30 |    30 ||    60
         Tailslap          |       |       |     1 ||     1
 Invoke: Berserk           |     4 |     7 |     4 ||    15
         Trog's Hand       |       |     1 |     1 ||     2
    Use: Scroll            |     3 |     7 |     2 ||    12
   Stab: Sleeping          |       |     2 |       ||     2
 Armour: Animal skin       |    57 |     6 |       ||    63
         Leather armour    |       |    83 |       ||    83
         Scale mail        |       |    57 |    16 ||    73
  Dodge: Dodged            |    56 |    82 |    14 ||   152
  Block: Other             |       |       |     4 ||     4

Table legend: (Time is in decaauts)
 A = Elapsed time spent in this place.
 B = Non-inter-level travel time spent in this place.
 C = Inter-level travel time spent in this place.
 D = Time resting spent in this place.
 E = Time spent auto-exploring this place.
 F = Levels seen in this place.
 G = Mean time per level.
                   A        B        C        D        E       F      G
               +--------+--------+--------+--------+--------+-----+--------+
         Total |   3702 |   3500 |    202 |    722 |   1449 |   5 |  740.4 |
       Dungeon |   3702 |   3500 |    202 |    722 |   1449 |   5 |  740.4 |
               +--------+--------+--------+--------+--------+-----+--------+

Top non-repeatable levels by time:
     D:1: 984 daAuts
     D:2: 937 daAuts
     D:3: 801 daAuts
     D:4: 768 daAuts
     D:5: 210 daAuts
